 Dungeon Crawl Stone Soup version 0.16.1-11-g651b585 (webtiles) character file.

16 hulla the Changer (level 2, -2/18 HPs)
             Began as an Octopode Transmuter on Apr 2, 2015.
             Slain by a kobold
             ... wielding a +0 whip
              (4 damage)
             ... on level 2 of the Dungeon.
             The game lasted 00:02:19 (755 turns).

hulla the Changer (Octopode Transmuter)              Turns: 755, Time: 00:02:19

Health: -2/18      AC:  1    Str:  9    XL:     2   Next: 58%
Magic:  4/4        EV: 12    Int: 15    God:
Gold:   65         SH:  0    Dex: 12    Spells: 1 memorised, 4 levels left

rFire  . . .     SeeInvis .       - Unarmed
rCold  . . .     Clarity  .     (no shield)
rNeg   . . .     SustAb   .     (helmet restricted)
rPois  .         Gourm    .     (no amulet)
rElec  .         Spirit   .     (no ring)
rCorr  .         Warding  .     (no ring)
rMut   .         Stasis   .     (no ring)
MR     .....                    (no ring)
Stlth  ++........               (no ring)
                                (no ring)
                                (no ring)
                                (no ring)

@: appendage, not resistant to hostile enchantments, unstealthy
A: almost no armour, amphibious, 8 rings, constrict 8, tentacle spike 3,
camouflage 1, gelatinous body 1
a: End Transformation


You were on level 2 of the Dungeon.
You were not hungry.
One of your tentacles had a temporary spike.
You visited 1 branch of the dungeon, and saw 2 of its levels.

You collected 65 gold pieces.

Inventory:

Missiles
 b - 12 arrows
 f - 25 sling bullets
 g - a stone (quivered)
Scrolls
 c - a scroll of recharging
 j - 2 scrolls of random uselessness {unknown}
 l - 2 scrolls of enchant armour {unknown}
Potions
 e - 2 potions of curing
 i - a potion of might
 k - a potion of magic
Books
 d - a book of Changes

   Spells                             Type                      Level
   a - Beastly Appendage              Transmutation                1
   b - Sticks to Snakes               Transmutation                2
   c - Spider Form                    Transmutation/Poison         3
   d - Ice Form                       Ice/Transmutation            4
   e - Blade Hands                    Transmutation                5
Comestibles
 a - a bread ration
 h - 3 meat rations


   Skills:
 - Level 1.0 Fighting
 - Level 2.0 Dodging
 - Level 3.0 Unarmed Combat
 - Level 2.0 Spellcasting
 + Level 3.1 Transmutations


You had 4 spell levels left.
You knew the following spells:

 Your Spells              Type           Power        Failure   Level  Hunger
a - Beastly Appendage     Trmt           ##....       8%          1    #......


Dungeon Overview and Level Annotations

Branches:
Dungeon (2/15)

Altars:


Innate Abilities, Weirdness & Mutations

You cannot wear most types of armour.
You are amphibious.
You can wear up to eight rings at the same time.
You can use your tentacles to constrict many enemies at once.
Your skin changes colour to match your surroundings (Stealth).
Your rubbery body absorbs attacks (AC +1).
One of your tentacles bears a large vicious spike.


Message History

Found a stone staircase leading up.
You tentacle-slap the worm. You grab the worm. Your squeeze misses the worm.
The worm is lightly wounded.
You constrict the worm.
The kobold shouts!
You tentacle-slap the worm. You squeeze the worm.
The worm is moderately wounded.
You constrict the worm. The kobold barely misses you. The worm bites you.
A giant cockroach comes into view.
You tentacle-slap the worm.
You pierce the worm, but do no damage.
The worm is heavily wounded.
You constrict the worm. The rat bites you.
The kobold throws a stone.
The stone hits you.
* * * LOW HITPOINT WARNING * * *
The kobold barely misses you.
You are too injured to fight recklessly!
You release your grip on the worm.
The rat bites you.
* * * LOW HITPOINT WARNING * * *
The kobold hits you with a whip.
You die...

#.# #.# #.# #.#
#.# #+# # #)#
#.#.#
#.#####.#.#
#.......K.#
#.#####@######w#
#.#..s.(r......#
#.#)#.Kw#######<
..# #.... ..#
#..### #..# #..
#..# #.. > ###


You could see a worm, a giant cockroach, 2 kobolds and a rat.

Vanquished Creatures
  An ooze (D:1)
  6 goblins
  A hobgoblin (D:1)
  2 kobolds (D:1)
  4 giant newts (D:1)
  2 rats (D:1)
16 creatures vanquished.

Notes
Turn   | Place    | Note
--------------------------------------------------------------
     0 | D:1      | hulla, the Octopode Transmuter, began the quest for the Orb.
     0 | D:1      | Reached XP level 1. HP: 13/13 MP: 3/3
   122 | D:1      | Reached XP level 2. HP: 13/18 MP: 2/4
   755 | D:2      | Slain by a kobold

Action                   || total
-------------------------++-------
Melee: Unarmed           ||    34
 Cast: Beastly Appendage ||     8
  Use: Scroll            ||     4
       Potion            ||     4
